 Dungeon Crawl Stone Soup version 0.28-a0-726-g4a9143789a (webtiles) character file.

Game seed: 16003686158430468870

219 lawman0 the Slasher (level 5, -9/41 HPs)
             Began as a Barachi Warper on Oct 27, 2021.
             Killed by divine providence
             ... invoked by an orc priest
              (13 damage)
             ... on level 5 of the Dungeon.
             The game lasted 00:06:10 (3916 turns).

lawman0 the Slasher (Barachi Warper)                Turns: 3916, Time: 00:06:12

Health: -9/41      AC:  3    Str: 12 (13) XL:     5   Next: 96%
Magic:  8/8        EV: 12    Int: 14      God:
Gold:   194        SH:  0    Dex: 11      Spells: 1/8 levels left

rFire   . . .      SeeInvis .   a - +0 long sword
rCold   . . .      Faith    .   (no shield)
rNeg    . . .      Spirit   .   b - +0 leather armour
rPois   .          Reflect  .   (no helmet)
rElec   .          Harm     .   (no cloak)
rCorr   .          Rampage  .   (no gloves)
Will    .....                   (no boots)
Stlth   +.........              i - amulet of the acrobat
HPRegen 0.13/turn               l - ring of wizardry
MPRegen 0.11/turn               (no ring)

@: mighty, slow
A: amphibious, slowness 1, strong legs 1, +LOS
a: Hop


You were on level 5 of the Dungeon.
You visited 1 branch of the dungeon, and saw 5 of its levels.

You collected 194 gold pieces.

Inventory:

Hand Weapons
 a - a +0 long sword (weapon)
Missiles
 d - 3 boomerangs of dispersal (quivered)
 p - 9 sling bullets
Armour
 b - a +0 leather armour (worn)
Jewellery
 g - a ring of magical power
 i - an amulet of the acrobat (around neck)
 l - a ring of wizardry (left hand)
Scrolls
 e - 2 scrolls of teleportation
 h - a scroll of amnesia
 j - a scroll of holy word
 k - a scroll of immolation {unknown}
Potions
 f - a potion of mutation
 m - 2 potions of might
 n - a potion of brilliance


   Skills:
 + Level 3.0 Fighting
 * Level 4.7 Long Blades
 + Level 1.0 Throwing
 + Level 2.3 Armour
 + Level 3.3 Dodging
 + Level 0.1 Stealth
 + Level 2.4 Spellcasting
 * Level 1.7 Summonings
 * Level 4.0 Translocations


You had one spell level left.
You knew the following spells:

 Your Spells              Type           Power      Damage    Failure   Level
a - Blink                 Tloc           24%        N/A       3%          2
b - Apportation           Tloc           24%        N/A       2%          1
c - Summon Small Mammal   Summ           24%        N/A       6%          1
d - Teleport Other        Tloc           12%        N/A       7%          3

Your spell library contained the following spells:

 Spells                   Type           Power      Damage    Failure   Level
 Animate Skeleton         Necr           2%         N/A       12%         1
 Gell's Gravitas          Tloc           6%         N/A       7%          3
 Lesser Beckoning         Tloc           12%        N/A       7%          3
 Ensorcelled Hibernation  Hex/Ice        2%         N/A       17%         2
 Tukima's Dance           Hex            1%         N/A       32%         3
 Manifold Assault         Tloc           12%        N/A       50%         5
 Summon Lightning Spire   Summ/Air       4%         N/A       58%         4
 Storm Form               Tmut/Air       0%         N/A       100%        7
 Maxwell's Capacitive Co  Air            0%         ∞         100%        8


Dungeon Overview and Level Annotations

Branches:
Dungeon (5/15)
 Temple: D:4-7

Altars:
Zin

Annotations:
D:3 Grinder, Jessica


Innate Abilities, Weirdness & Mutations

You are amphibious.
You cover ground slowly.
You can hop short distances.
You have an extended range of vision and can be seen from far away.


Message History

You barely miss the scorpion.
The scorpion is severely wounded.
You feel sick. The scorpion stings you!
* * * LOW HITPOINT WARNING * * *
The scorpion stings you.
* * * LOW HITPOINT WARNING * * *
You are more poisoned.
The scorpion poisons you!
Unknown command.
You feel better. The scorpion barely misses you.
You hit the scorpion but do no damage.
The scorpion is heavily wounded.
The scorpion stings you but does no damage.
You barely miss the scorpion.
The scorpion is heavily wounded.
The scorpion barely misses you. The scorpion misses you.
Unknown command.
You hit the scorpion.
The scorpion is severely wounded.
The scorpion stings you.
* * * LOW HITPOINT WARNING * * *
You barely miss the scorpion.
The scorpion is severely wounded.
The scorpion stings you but does no damage.
Okay, then.
You hit the scorpion.
The scorpion is almost dead.
The scorpion closely misses you. The scorpion barely misses you.
You closely miss the scorpion.
The scorpion is almost dead.
The scorpion stings you!
* * * LOW HITPOINT WARNING * * *
Unknown command.
You barely miss the scorpion.
The scorpion is almost dead.
The orc priest shouts!
The scorpion closely misses you.
The orc priest invokes the aid of Beogh against you.
Beogh smites you!
You die... . .... .## ..#### #.... #..# #. .. ###..# #. .ooo

####...# #
......#.....s## #
#o...##)@.# # #
##..###.).## .###
. #.#
##....###....# ..
##
#..##..##.........
...#.
#..........#..##..
..... ..........##
.# .....
.#o.####..# #
..... ####. #..##
# #.... # ##..#..#
.....


You could see a scorpion and an orc priest.

Vanquished Creatures
  3 orc priests
  2 orc wizards
  A hound skeleton (D:2)
  An adder (D:2)
  A dart slug (D:2)
  2 orcs
  4 bats
  5 endoplasms
  2 giant cockroaches
  6 goblins
  5 hobgoblins
  A quokka (D:5)
  10 ball pythons
  4 kobolds
  3 rats
50 creatures vanquished.

Vanquished Creatures (collateral kills)
  An adder (D:3)
1 creature vanquished.

Grand Total: 51 creatures vanquished

Notes
Turn   | Place    | Note
-------+----------+-------------------------------------------
     0 | D:1      | lawman0 the Barachi Warper began the quest for the Orb.
     0 | D:1      | Reached XP level 1. HP: 17/17 MP: 3/3
   169 | D:1      | Reached XP level 2. HP: 14/23 MP: 5/5
   784 | D:1      | Found a faded altar of an unknown god.
   901 | D:2      | Learned a level 2 spell: Blink
  1039 | D:2      | Reached XP level 3. HP: 26/28 MP: 6/6
  1856 | D:3      | Noticed Jessica
  1859 | D:3      | Noticed Grinder
  1864 | D:3      | Paralysed by Grinder for 7 turns
  1866 | D:3      | HP: 1/28 [Jessica (5)]
  2175 | D:3      | Reached XP level 4. HP: 34/34 MP: 7/7
  2221 | D:3      | Learned a level 1 spell: Apportation
  2223 | D:3      | Learned a level 1 spell: Summon Small Mammal
  2227 | D:3      | Learned a level 3 spell: Teleport Other
  2638 | D:4      | Reached skill level 1 in Summonings
  2870 | D:4      | Reached XP level 5. HP: 8/40 MP: 8/8
  2901 | D:4      | fuck yeah
  3134 | D:4      | Learned a level 1 spell: Animate Skeleton
  3274 | D:4      | Found a glowing silver altar of Zin.
  3565 | D:5      | Entered Level 5 of the Dungeon
  3916 | D:5      | Killed from afar by an orc priest

Illustrated notes

############)....)...[....<....#
#..........)...###...........###
#..............[..............†.
#.............#.##...........###
############.##.##...........#
#.##.##...........#
#.##.##...........#
..#.............###
..#.@...........#
..##.............# ..
##.############ #.# #!# #.. ###


Turn 2901 on D:4: fuck yeah

Levels and vault maps discovered:
D:1:      zelgadis_glass_arrival_small, layout_basic,
          hellmonk_ecumenical_altar_lost_god
D:2:      layout_basic
D:3:      layout_rooms, serial_aquarium, aquarium_bridge_straight
          [aquarium_subvault_bridge, aquarium_subvault_window,
          aquarium_subvault_bridge, aquarium_subvault_balcony],
          aquarium_window_2, aquarium_window_corner, aquarium_window_fake,
          aquarium_view_2c, aquarium_view_2e, aquarium_balcony_5b,
          grunt_ministairs_4, uniq_jessica, uniq_grinder
D:4:      layout_basic, zin_scriptorium
D:5:      layout_layer_cave, serial_shops, shop, kennysheep_generic_room_11

Skill      XL: |  1  2  3  4  5 |
---------------+----------------+-----
Dodging        | 3 |  3.3
Long Blades    | 3 4 |  4.7
Armour         | 2 |  2.3
Summonings     | 1 |  1.7
Fighting       | 3 |  3.0
Translocations | 4 |  4.0
Throwing       | |  1.0
Stealth        | |  0.1
Spellcasting   | |  2.4

Action                   |  1- 3 |  4- 6 || total
-------------------------+-------+-------++-------
Melee: Falchion          |    95 |    49 ||   144
       Long sword        |       |    29 ||    29
Throw: Boomerang         |       |     2 ||     2
 Cast: Blink             |     1 |       ||     1
       Summon Small Mamm |       |     5 ||     5
       Teleport Other    |       |     3 ||     3
 Abil: Hop               |       |     1 ||     1
  Use: Scroll            |     2 |     6 ||     8
       Potion            |       |     8 ||     8
Armor: Leather armour    |    16 |    20 ||    36
       Skin              |       |    10 ||    10
Dodge: Dodged            |    78 |    54 ||   132

Table legend: (Time is in decaauts)
 A = Elapsed time spent in this place.
 B = Non-inter-level travel time spent in this place.
 C = Inter-level travel time spent in this place.
 D = Time resting spent in this place.
 E = Time spent auto-exploring this place.
 F = Levels seen in this place.
 G = Mean time per level.
                   A        B        C        D        E       F      G
               +--------+--------+--------+--------+--------+-----+--------+
         Total |   4364 |   4015 |    349 |    830 |   2448 |   5 |  872.8 |
       Dungeon |   4364 |   4015 |    349 |    830 |   2448 |   5 |  872.8 |
               +--------+--------+--------+--------+--------+-----+--------+

Top non-repeatable levels by time:
     D:4: 1410 daAuts
     D:2: 1342 daAuts
     D:1: 1013 daAuts
     D:3: 427 daAuts
     D:5: 169 daAuts
